 Dungeon Crawl Stone Soup version 0.22-a0-433-gd2a9cce (webtiles) character file.

17 Mgcat the Chopper (level 2, 0/26 HPs)
             Began as a Hill Orc Berserker on May 28, 2018.
             Was a Follower of Trog.
             Slain by a bat (1 damage)
             ... on level 2 of the Dungeon.
             The game lasted 00:00:32 (105 turns).

Mgcat the Chopper (Hill Orc Berserker)               Turns: 105, Time: 00:00:33

Health: 0/26       AC:  2    Str: 19    XL:     2   Next: 62%
Magic:  2/2        EV: 12    Int:  7    God:    Trog [*.....]
Gold:   9          SH:  0    Dex: 10    Spells: 1/1 levels left

rFire    . . .     SeeInvis .   a - +0 hand axe
rCold    . . .     Gourm    .   (no shield)
rNeg     . . .     Faith    .   b - +0 animal skin
rPois    .         Spirit   .   (no helmet)
rElec    .         Reflect  .   (no cloak)
rCorr    .         Harm     .   (no gloves)
MR       .....                  (no boots)
Stlth    +.........             (no amulet)
HPRegen  0.08/turn              (no ring)
MPRegen  0.08/turn              (no ring)

@: berserk cooldown, slowed, very slow
A: no striking features
a: Berserk, Renounce Religion


You were on level 2 of the Dungeon.
You worshipped Trog.
Trog was aware of your devotion.
You were not hungry.

You visited 1 branch of the dungeon, and saw 2 of its levels.

You collected 9 gold pieces.

Inventory:

Hand Weapons
 a - a +0 hand axe (weapon)
Armour
 b - a +0 animal skin (worn)
Comestibles
 c - 2 rations
 d - 4 chunks of flesh {@w0}


   Skills:
 - Level 3.6 Fighting
 + Level 5.2 Axes
 - Level 2.1 Armour
 - Level 1.5 Dodging


You had one spell level left.
You didn't know any spells.
Your spell library was empty.

Dungeon Overview and Level Annotations

Branches:
Dungeon (2/15)

Altars:


Message History

You feel yourself slow down.
d - 4 chunks of flesh {@w0} You see here a kobold corpse.
You now have 9 gold pieces.
There is a fountain of clear blue water here.
There is a stone staircase leading down here.
You start resting.
You feel yourself speed up.
You start resting.
You recover from your berserk rage.
You climb downwards.
A bat, a rat, a gnoll and a kobold come into view.
The gnoll shouts!
The kobold shouts!
You hear an angry hiss.
There is a stone staircase leading up here.
A bat comes into view.
A red film seems to cover your vision as you go berserk!
You feel yourself moving faster!
You feel mighty!
You feel a lot more hungry. The bat hits you but does no damage.
The bat barely misses you.
You feel a strong urge to attack something.
A frilled lizard comes into view.
The frilled lizard hisses angrily.
The bat hits you. The bat completely misses you.
The gnoll hits you with a spear. The rat misses you.
There is a stone staircase leading up here.
You hit the gnoll.
The gnoll is heavily wounded.
You hit the bat.
You kill the bat!
Trog accepts your kill.
You closely miss the rat. The bat barely misses you.
The rat bites you but does no damage. The gnoll hits you with a spear.
You slash the gnoll!
You kill the gnoll!
Trog accepts your kill.
Your Axes skill increases to level 5!
You have reached level 2!
You slash the rat!
You feel the power of Trog in you as your rage grows.
You kill the rat!
Trog accepts your kill.
You barely miss the bat. You slash the kobold!
You kill the kobold!
Trog accepts your kill. The bat hits you but does no damage.
Unknown command.
You see here a rat corpse.
You feel a strong urge to attack something.
The bat closely misses you.
There is a stone staircase leading up here.
The bat hits you but does no damage. The bat barely misses you.
You see here a bat corpse.
You butcher the bat corpse.
You feel your anger nearly subside.
You are no longer berserk.
You pass out from exhaustion.
You feel yourself slow down. The bat hits you but does no damage.
The bat hits you but does no damage. The frilled lizard bites you.
The bat hits you but does no damage. The frilled lizard bites you.
* * * LOW HITPOINT WARNING * * *
The frilled lizard bites you but does no damage.
A hobgoblin comes into view.
The frilled lizard bites you.
* * * LOW HITPOINT WARNING * * *
You can move again.
You see here a chunk of flesh {@w0}.
Unknown command.
Unknown command.
Unknown command.
Unknown command.
Unknown command.
The hobgoblin shouts!
You hit the frilled lizard.
You kill the frilled lizard!
Trog accepts your kill. The bat closely misses you. The bat misses you.
You closely miss the bat. The bat hits you but does no damage.
The bat barely misses you.
There is a stone staircase leading up here.
You hit the hobgoblin.
The hobgoblin is severely wounded.
You barely miss the bat. The bat hits you but does no damage.
The hobgoblin hits you.
* * * LOW HITPOINT WARNING * * *
The hobgoblin hits you.
* * * LOW HITPOINT WARNING * * *
You closely miss the hobgoblin.
The hobgoblin is severely wounded.
The bat barely misses you. The hobgoblin closely misses you.
The hobgoblin barely misses you.
Unknown command.
Unknown command.
You hit the hobgoblin.
You kill the hobgoblin!
Trog accepts your kill. The bat hits you.
* * * LOW HITPOINT WARNING * * *
The bat hits you.
* * * LOW HITPOINT WARNING * * *
The bat hits you.
You die...

#.. ##.. ...
###..#########
.............
#........#
####........#
.......†#)..#
.......#@#
.......b#†......
............###.
#####..........
###.........
#.........
#.........
#.........
#########


You could see a bat.

Vanquished Creatures
  A gnoll (D:2)
  2 hobgoblins
  A bat (D:2)
  A frilled lizard (D:2)
  A goblin (D:1)
  2 kobolds
  A rat (D:2)
9 creatures vanquished.

Notes
Turn   | Place    | Note
-------+----------+-------------------------------------------
     0 | D:1      | Mgcat the Hill Orc Berserker began the quest for the Orb.
     0 | D:1      | Reached XP level 1. HP: 19/19 MP: 1/1
    91 | D:2      | Reached skill level 5 in Axes
    91 | D:2      | Reached XP level 2. HP: 12/26 MP: 2/2
    99 | D:2      | HP: 6/26 [frilled lizard (1)]
   103 | D:2      | HP: 2/26 [hobgoblin (1)]
   105 | D:2      | Slain by a bat

Vault maps used:
D:1:      dpeg_arrival_three_bigger_balls
D:2:      dancing_weapons_uskayaw, kiku_gazebo_garden_becter, first_ration,
          st_stairs_14, uniq_jessica, uniq_crazy_yiuf_cottage, uniq_sigmund

Skill      XL: |  1 |
---------------+----+-----
Axes           | 5 |  5.2
Fighting       | |  3.6
Armour         | |  2.1
Dodging        | |  1.5

Action                   || total
-------------------------++-------
Melee: Hand axe          ||    14
Invok: Berserk           ||     2
Armor: Animal skin       ||    10
Dodge: Dodged            ||    15

Table legend:
 A = Spawn XP
 B = Non-spawn XP
 C = Spawn XP percentage of total XP
 D = Spawn monster count
 E = Non-spawn monster count
 F = Spawn count percentage of total count
 G = Total turns spent on level
                    A         B        C        D         E        F      G
               +---------+---------+-------+---------+---------+-------+---------
         Total |       0 |      25 |   0.0 |       0 |       9 |   0.0 |   105
               +---------+---------+-------+---------+---------+-------+---------
           D:1 |       0 |       4 |   0.0 |       0 |       3 |   0.0 |    85
           D:2 |       0 |      21 |   0.0 |       0 |       6 |   0.0 |    20
               +---------+---------+-------+---------+---------+-------+---------

Vault maps used:
D:1:      dpeg_arrival_three_bigger_balls
D:2:      dancing_weapons_uskayaw, kiku_gazebo_garden_becter, first_ration,
          st_stairs_14, uniq_jessica, uniq_crazy_yiuf_cottage, uniq_sigmund

Table legend:
 A = Turns spent in this place as a percentage of turns spent in the entire game.
 B = Non-inter-level travel turns spent in this place as a percentage of non-inter-level travel turns spent in the entire game.
 C = Inter-level travel turns spent in this place as a percentage of turns spent in this place.
 D = Turns resting spent in this place as a percentage of non-inter-level travel turns spent in this place.
 E = Turns spent auto-exploring this place as a percentage of non-inter-level travel turns spent in this place.
 F = Non-inter-level travel turns spent in this place divided by the number of levels of this place that you've seen.
                   A       B       C       D       E      F
               +-------+-------+-------+-------+-------+----------------------
         Total | 100.0 | 100.0 |   0.0 |  14.3 |  32.4 |  52.5
       Dungeon | 100.0 | 100.0 |   0.0 |  14.3 |  32.4 |  52.5
               +-------+-------+-------+-------+-------+----------------------

Table legend:
 A = Kills in this place as a percentage of kills in entire the game.
 B = Kills by you in this place as a percentage of kills by you in the entire game.
 C = Kills by friends in this place as a percentage of kills by friends in the entire game.
 D = Other kills in this place as a percentage of other kills in the entire game.
 E = Experience gained in this place as a percentage of experience gained in the entire game.
 F = Experience gained in this place divided by the number of levels of this place that you have seen.
                   A       B       C       D       E      F
               +-------+-------+-------+-------+-------+----------------------
         Total | 100.0 | 100.0 |   N/A |   N/A | 100.0 |  12.5
       Dungeon | 100.0 | 100.0 |   N/A |   N/A | 100.0 |  12.5
               +-------+-------+-------+-------+-------+----------------------
